 Dungeon Crawl Stone Soup version 0.25-b1-39-g0d900dab71 (webtiles) character file.

Game seed: 12708758955303113767

1267 diana the Magician (level 8, -9/62 HPs)
             Began as a Purple Draconian Transmuter on June 7, 2020.
             Mangled by an ogre
             ... wielding a +0 giant club
              (20 damage)
             ... on level 7 of the Dungeon.
             The game lasted 00:09:33 (7586 turns).

diana the Magician (Purple Draconian Transmuter)    Turns: 7586, Time: 00:09:33

Health: -9/62      AC: 11    Str: 14    XL:     8   Next: 27%
Magic:  17/17      EV: 12    Int: 15    God:
Gold:   221        SH:  0    Dex: 11    Spells: 15/19 levels left

rFire    . . .     SeeInvis .     - Unarmed
rCold    . . .     Gourm    .   (no shield)
rNeg     . . .     Faith    .   (armour unavailable)
rPois    .         Spirit   .   (helmet restricted)
rElec    .         Reflect  .   (no cloak)
rCorr    .         Harm     .   (no gloves)
MR       +....                  n - +0 pair of boots
Stlth    ..........             l - amulet of the acrobat
HPRegen  0.20/turn              b - +4 ring of protection
MPRegen  0.15/turn              v - ring of attention (curse)

@: about to teleport, appendage (expiring)
A: breathe power, unfitting armour, horns 2, cold-blooded, AC +6
a: Breathe Dispelling Energy, End Transformation


You were on level 7 of the Dungeon.
You were hungry.
You had grown temporary horns.
You visited 2 branches of the dungeon, and saw 8 of its levels.

You collected 221 gold pieces.

Inventory:

Missiles
 a - 167 arrows
Armour
 n - a +0 pair of boots (worn)
Jewellery
 b - a +4 ring of protection (left hand)
 l - an amulet of the acrobat (around neck)
 v - a cursed ring of attention (right hand)
Scrolls
 f - a scroll of fog
 i - 2 scrolls of immolation
 j - 3 scrolls of teleportation
 k - 4 scrolls of remove curse
 m - a scroll of amnesia {unknown}
 o - 3 scrolls of enchant weapon
 s - 4 scrolls of magic mapping
Potions
 d - a potion of might
 e - a potion of ambrosia
 g - a potion of heal wounds
 p - 3 potions of flight
 q - a potion of magic
 r - a potion of curing
 u - a potion of brilliance {unknown}
Comestibles
 c - 10 rations


   Skills:
 - Level 2.6 Fighting
 - Level 2.7 Dodging
 + Level 6.2 Unarmed Combat
 + Level 6.3 Spellcasting
 + Level 5.7 Transmutations


You had 15 spell levels left.
You knew the following spells:

 Your Spells              Type           Power        Failure   Level  Hunger
a - Beastly Appendage     Tmut           ###...       1%          1    None
b - Spider Form           Tmut/Pois      ##........   13%         3    ##.....

Your spell library contained the following spells:

 Spells                   Type           Power        Failure   Level  Hunger
 Sticks to Snakes         Tmut           ###.....     1%          2    #......
 Blade Hands              Tmut           ###.......   36%         5    ######.
 Ice Form                 Ice/Tmut       ##......     41%         4    ####...


Dungeon Overview and Level Annotations

Branches:
Dungeon (7/15)             Temple (1/1) D:5

Altars:
Ashenzari
Cheibriados
Dithmenos
Elyvilon
Fedhas
Gozag
Kikubaaqudgha
Nemelex Xobeh
Okawaru
Qazlal
Ru
Trog
Vehumet
Wu Jian
Xom
Yredelemnul
Zin
The Shining One

Shops:
D:4 [


Innate Abilities, Weirdness & Mutations

You can breathe bolts of dispelling energy.
Your rich purple scales are hard. (AC +6)
You cannot fit into any form of body armour.
You are cold-blooded and may be slowed by cold attacks.
You have a pair of horns on your head.


Message History

The ogre hits you with a +0 giant club!
You barely miss the ogre.
Your tail-slap misses the ogre.
The ogre is moderately wounded.
The ogre hits you with a +0 giant spiked club!
The ogre barely misses you.
You punch the ogre!
The ogre is severely wounded.
The ogre hits you with a +0 giant spiked club!!
* * * LOW HITPOINT WARNING * * *
A killer bee comes into view.
The killer bee moves out of view.
Found a potion of heal wounds.
Your transformation is almost over.
The killer bee stings you.
* * * LOW HITPOINT WARNING * * *
As you read the scroll of teleportation, it crumbles to dust.
You feel strangely unstable.
The killer bee stings you but does no damage.
The ogre hits you with a +0 giant club!!
You die...

........ ...!.. .#
..... ... .... ....
..##### .......
#.....# #
........#y....#.##
.........@O......#
.........##O.....#
......##.##.##.#.##
.......###.O.#.#..#
..................#
#...<.†#.#.#.#.#
.#..............#
..........#.#.#.#.#
........<.........#


You could see 2 ogres and a killer bee.

Vanquished Creatures
  A sky beast (D:6)
  An orc warrior (D:6)
  A phantom (D:5)
  2 ogres (D:5)
  2 centaurs (D:6)
  A necrophage (D:6)
  A bullfrog (D:6)
  2 scorpions
  A howler monkey (D:5)
  An orc priest (D:6)
  An orc wizard (D:5)
  A centaur skeleton (D:6)
  An iguana (D:6)
  A worker ant (D:6)
  A hound skeleton (D:5)
  3 gnolls (D:6)
  7 adders
  A shadow imp (D:5)
  An ooze (D:3)
  An adder zombie (D:6)
  9 worms
  2 dart slugs
  6 leopard geckos
  12 orcs
  8 giant cockroaches
  12 hobgoblins
  3 jackals (D:6)
  6 kobolds
  5 quokkas
  3 ball pythons
  7 bats
  3 frilled lizards
  3 goblins
  A jackal zombie (D:6)
  9 rats
120 creatures vanquished.

Notes
Turn   | Place    | Note
-------+----------+-------------------------------------------
     0 | D:1      | diana the Draconian Transmuter began the quest for the Orb.
     0 | D:1      | Reached XP level 1. HP: 16/16 MP: 3/3
   423 | D:1      | Reached XP level 2. HP: 20/23 MP: 5/5
  1549 | D:2      | Reached XP level 3. HP: 29/29 MP: 4/6
  1716 | D:2      | HP: 2/43 [poisoned by an adder]
  2552 | D:3      | Found a shattered altar of Ashenzari.
  2570 | D:3      | Reached XP level 4. HP: 33/36 MP: 7/7
  2599 | D:3      | Found an opulent altar of Gozag.
  2644 | D:3      | Found a shimmering altar of Xom.
  3635 | D:4      | Noticed a moth of wrath
  3638 | D:4      | Found a bloodstained altar of Trog.
  4004 | D:4      | Found a basalt altar of Yredelemnul.
  4068 | D:4      | Found a glowing silver altar of Zin.
  4087 | D:4      | Reached XP level 5. HP: 39/42 MP: 9/9
  4172 | D:4      | Learned a level 3 spell: Spider Form
  4603 | D:4      | Found Ostenuc's Antique Armour Shoppe.
  4755 | D:5      | Entered Level 5 of the Dungeon
  4848 | D:5      | Noticed a phantom
  4879 | D:5      | Killed a phantom
  4879 | D:5      | Reached XP level 6. HP: 11/50 MP: 8/10
  5786 | D:5      | Found a staircase to the Ecumenical Temple.
  5839 | D:5      | Your scales start taking on a rich purple colour.
  5839 | D:5      | Reached XP level 7. HP: 54/56 MP: 14/14
  5881 | Temple   | Entered the Ecumenical Temple
  6183 | D:5      | Reached skill level 5 in Unarmed Combat
  6256 | D:6      | Reached skill level 5 in Spellcasting
  6347 | D:6      | Reached skill level 5 in Transmutations
  6521 | D:6      | Reached XP level 8. HP: 49/62 MP: 16/16
  7586 | D:7      | Mangled by an ogre

Illustrated notes

Levels and vault maps discovered:
D:1:      dpeg_arrival_triangle_fractal, layout_basic, patterned_corridor
D:2:      layout_basic
D:3:      layout_rooms, lemuel_round_altar, grunt_gozag_statues,
          minmay_crystal_water, xom_teletrap_fun
D:4:      layout_gridville, tgw_trog, nicolae_overflow_crystal_walls,
          zin_academy, serial_shops, nicolae_shop_window_shopping, first_ration
D:5:      layout_loops_ring, temple_fountains, bh_walls_and_bars
D:6:      layout_basic
D:7:      layout_cave_pools, nicolae_overflow_hidden_temple, serial_glass,
          glass_columns_a, glass_columns_c, uniq_harold, uniq_pikel, uniq_maggie
Temple:   cyrus_circular_temple

Skill      XL: |  1  2  3  4  5  6  7  8 |
---------------+-------------------------+-----
Dodging        | 2 |  2.7
Fighting       | 2 |  2.6
Transmutations | 3 4 5 |  5.7
Spellcasting   | 3 4 5 6 |  6.3
Unarmed Combat | 4 5 6 |  6.2

Action                   |  1- 3 |  4- 6 |  7- 9 || total
-------------------------+-------+-------+-------++-------
Melee: Unarmed           |   167 |   312 |   151 ||   630
       Tailslap          |    21 |    35 |    21 ||    77
       Headbutt          |     7 |    17 |     7 ||    31
       Punch             |     4 |     3 |     5 ||    12
       Kick              |       |     1 |       ||     1
 Cast: Beastly Appendage |     8 |    11 |     4 ||    23
       Spider Form       |       |     1 |     2 ||     3
  Use: Potion            |     1 |       |       ||     1
       Scroll            |       |       |    13 ||    13
  Eat: Chunk             |     5 |     8 |     5 ||    18
       Ration            |       |     1 |       ||     1
Armor: Skin              |    60 |   101 |    56 ||   217
Dodge: Dodged            |   110 |   178 |   126 ||   414
